 Dungeon Crawl Stone Soup version 0.23-a0-79-gaa8cc03 (webtiles) character file.

39 Amnesiac the Gusty (level 3, 0/24 HPs)
             Began as a Mummy Air Elementalist on Aug 11, 2018.
             Slain by a jackal (3 damage)
             ... on level 2 of the Dungeon.
             The game lasted 00:03:43 (609 turns).

Amnesiac the Gusty (Mummy Air Elementalist)          Turns: 609, Time: 00:03:44

Health: 0/24       AC:  4    Str: 11    XL:     3   Next: 26%
Magic:  0/7        EV: 12    Int: 15    God:
Gold:   24         SH:  0    Dex: 12    Spells: 7/8 levels left

rFire    x . .     SeeInvis .   (no weapon)
rCold    + . .     Gourm    .   (no shield)
rNeg     + + +     Faith    .   a - +0 robe
rPois    ∞         Spirit   .   (no helmet)
rElec    .         Reflect  .   d - +0 cloak
rCorr    .         Harm     .   b - +0 pair of gloves
MR       .....                  (no boots)
Stlth    ++........             (no amulet)
HPRegen  0.08/turn              (no ring)
MPRegen  0.10/turn              (no ring)

@: no status effects
A: no food or potions, fire vulnerability, cold resistance 1, negative energy
resistance 3, torment resistance, unbreathing
a: no special abilities


You were on level 2 of the Dungeon.
You were not hungry.

You visited 1 branch of the dungeon, and saw 2 of its levels.

You collected 24 gold pieces.

Inventory:

Armour
 a - a +0 robe (worn)
 b - a +0 pair of gloves (worn)
 d - a +0 cloak (worn)
Scrolls
 c - 2 scrolls of remove curse {!r, unknown}
 e - a scroll of teleportation {!r, unknown}
 f - a scroll of identify {!r, unknown}


   Skills:
 - Level 1.5 Dodging
 - Level 1.5 Stealth
 + Level 3.3 Spellcasting
 - Level 0.7 Conjurations
 * Level 3.3 Air Magic


You had 7 spell levels left.
You knew the following spells:

 Your Spells              Type           Power        Failure   Level  Hunger
a - Shock                 Conj/Air       #...         9%          1    N/A

Your spell library contained the following spells:

 Spells                   Type           Power        Failure   Level  Hunger
 Lightning Bolt           Conj/Air       #.........   93%         5    N/A
 Swiftness                Chrm/Air       #.......     14%         2    N/A
 Airstrike                Air            ##........   43%         4    N/A
 Static Discharge         Conj/Air       #.......     26%         3    N/A

Dungeon Overview and Level Annotations

Branches:
Dungeon (2/15)

Altars:
Qazlal


Innate Abilities, Weirdness & Mutations

You do not eat or drink.
Your flesh is vulnerable to fire.
You are immune to poison.
Your flesh is cold resistant. (rC+)
You are immune to negative energy. (rN+++)
You are immune to unholy pain and torment.
You can survive without breathing.


Message History

The jackal bites you.
* * * LOW HITPOINT WARNING * * *
The hobgoblin hits you but does no damage.
The jackal barely misses you.
The hobgoblin hits you but does no damage.
The jackal bites you but does no damage.
The hobgoblin barely misses you. The hobgoblin closely misses you.
The jackal bites you but does no damage.
The jackal bites you but does no damage.
The jackal bites you but does no damage.
Casting: Shock (safe; 9% risk of failure)
Confirm with . or Enter, or press ? or * to list all spells.
Aiming: Shock (safe; 9% risk of failure)
Press: ? - help, Shift-Dir - straight line The zap hits the jackal.
The jackal is lightly wounded.
The zap misses the hobgoblin. x2; The zap hits the jackal.
The jackal is heavily wounded.
The jackal misses you.
Casting: Shock (safe; 9% risk of failure)
Confirm with . or Enter, or press ? or * to list all spells.
Aiming: Shock (safe; 9% risk of failure)
Press: ? - help, Shift-Dir - straight line The zap hits the jackal.
The jackal is severely wounded.
The zap hits the hobgoblin.
The hobgoblin is moderately wounded.
The zap hits the jackal.
The jackal is lightly wounded.
The zap hits the jackal.
The jackal is almost dead.
The zap misses the hobgoblin.
The zap misses the jackal.
The jackal bites you.
* * * LOW HITPOINT WARNING * * *
The jackal bites you but does no damage.
Unknown command.
Casting: Shock (safe; 9% risk of failure)
Confirm with . or Enter, or press ? or * to list all spells.
Aiming: Shock (safe; 9% risk of failure)
Press: ? - help, Shift-Dir - straight line The zap hits the jackal.
You kill the jackal!
The zap hits the hobgoblin.
The hobgoblin is severely wounded.
The zap hits the jackal.
You kill the jackal!
The zap misses the hobgoblin.
Unknown command.
Casting: Shock (safe; 9% risk of failure)
Confirm with . or Enter, or press ? or * to list all spells.
Aiming: Shock (safe; 9% risk of failure)
Press: ? - help, Shift-Dir - straight line The zap misses the hobgoblin.
The zap hits the hobgoblin.
You kill the hobgoblin!
The jackal bites you.
* * * LOW HITPOINT WARNING * * *
The jackal bites you.
* * * LOW HITPOINT WARNING * * *
The jackal bites you but does no damage.
You closely miss the jackal. The jackal bites you.
* * * LOW HITPOINT WARNING * * *
The jackal closely misses you. The jackal bites you.
You die...

# #..........#.÷#.##
#########..#...##..#
....######.........##
..#.....###..#......####
####....##...##.........
#....##.#.###........
#....#..#..##.h......
#....#.###.##.h...... ##.###.#
#.##@#.##### #.# #.# #.##)#.#
####.###.###!##.#.#
#...>.......!..†#.###
#..............#....#
##............<.#....##
................#.....#######
##....................#.....##
.............................##


You could see 2 jackals.

Vanquished Creatures
  2 adders (D:2)
  A ball python (D:2)
  3 bats (D:2)
  A goblin (D:2)
  2 hobgoblins (D:2)
  6 jackals (D:2)
  A kobold (D:2)
  2 frilled lizards (D:2)
  A rat (D:2)
19 creatures vanquished.

Notes
Turn   | Place    | Note
-------+----------+-------------------------------------------
     0 | D:1      | Amnesiac the Mummy Air Elementalist began the quest for the Orb.
     0 | D:1      | Reached XP level 1. HP: 13/13 MP: 4/4
    85 | D:2      | Found a stormy altar of Qazlal.
   177 | D:2      | Reached XP level 2. HP: 17/19 MP: 0/5
   572 | D:2      | Reached XP level 3. HP: 16/24 MP: 0/7
   609 | D:2      | Slain by a jackal

Vault maps used:
D:1:      lightli_arrival_statue_moat
D:2:      nicolae_ru_path_of_blood, nicolae_overflow_crystal_walls

Skill      XL: |  1  2 |
---------------+-------+-----
Air Magic      | 3 |  3.3
Spellcasting   | 3 |  3.3
Dodging        | |  1.5
Stealth        | |  1.5
Conjurations   | |  0.7

Action                   || total
-------------------------++-------
Melee: Unarmed           ||     3
 Cast: Shock             ||    32
Armor: Robe              ||    33
Dodge: Dodged            ||    85

Table legend:
 A = Non-vault XP
 B = Vault XP
 C = Vault XP percentage of total XP
 D = Non-vault monster count
 E = Vault monster count
 F = Vault count percentage of total count
 G = Total turns spent on level
                 A         B        C        D         E       F
            +---------+---------+-------+---------+---------+-------
      Total |      56 |       0 |   0.0 |      19 |       0 |   0.0
            +---------+---------+-------+---------+---------+-------
        D:2 |      56 |       0 |   0.0 |      19 |       0 |   0.0
            +---------+---------+-------+---------+---------+-------
